Map: Ruines d’Endion

Players

zidar - Winner!

  • Race: Zerg Zerg
  • League: Gold
  • Spawn Location: 7:00

madara

  • Race: Protoss Protoss
  • League: Silver
  • Spawn Location: 5:00

VOD

Have the link to the VOD?

Description

Time

  • Played on: June 8, 2016, 2:49 p.m.
  • Length: 6:43
Show
View Real Time Build Order
Export as new Build Order

zidar Zerg - Winner!

Build Orders: Pool First 

Get SALT Encoding   

  12  0:01  Drone  
  13  0:12  Overlord  
  13  0:17  Drone  
  14  0:30  Drone x2  
  14  0:34  Drone  
  17  0:51  Spawning Pool, Drone  
  17  1:15  Hatchery  
  17  1:16  Drone  
  17  1:31  Drone  
  18  1:33  Extractor  
  18  1:35  Overlord  
  18  1:36  Drone  
  18  1:44  Queen  
  20  1:52  Drone  
  21  2:06  Drone x2  
  23  2:16  Drone  
  23  2:20  Queen  
  26  2:27  Zergling x2  
  27  2:30  Overlord  
  27  2:48  Queen  
  28  3:01  Metabolic Boost  
  28  3:05  Zergling x4  
  30  3:22  Zergling x12  
  36  3:34  Zergling x4  
  36  3:35  Zergling x8  
  42  3:44  Zergling x4  
  44  3:58  Overlord x2  
  44  4:09  Roach Warren  
  43  4:17  Drone  
  43  4:18  Drone x2  
  43  4:21  Zergling x10  
  51  4:42  Overlord  
  51  4:43  Overlord  
  51  4:44  Overlord  
  46  5:17  Roach x3  
  46  5:18  Roach x9  
  64  5:51  Roach x6  
Show
View Real Time Build Order
Export as new Build Order

madara Protoss 

Build Orders:  

Get SALT Encoding   

  12  0:02  Probe (Chrono Boost)  
  13  0:13  Probe (Chrono Boost)  
  14  0:20  Pylon  
  14  0:23  Probe (Chrono Boost)  
  15  0:38  Probe (Chrono Boost)  
  15  0:40  Gateway  
  16  0:51  Gateway  
  16  0:57  Assimilator  
  16  1:02  Assimilator  
  16  1:16  Probe (Chrono Boost)  
  17  1:26  Probe (Chrono Boost)  
  17  1:32  Cybernetics Core  
  18  1:33  Pylon  
  18  1:37  Probe (Chrono Boost)  
  19  1:43  Assimilator  
  19  2:04  Probe (Chrono Boost)  
  19  2:08  Adept x2  
  24  2:15  Probe (Chrono Boost), Warp Gate (Chrono Boost)  
  25  2:27  Probe  
  26  2:40  Adept x2  
  30  2:46  Gateway x2  
  30  3:20  Pylon  
  30  3:24  Twilight Council  
  30  3:40  Robotics Facility  
  36  3:53  Pylon  
  30  4:17  Stalker x2  
  30  4:20  Nexus  
  30  4:22  Sentry  
  30  4:23  Sentry  
  30  4:24  Pylon  
  38  4:42  Zealot x2  
  38  4:45  Probe  
  43  4:57  Probe  
  44  5:02  Warp Prism  
  44  5:09  Mothership Core  
  44  5:11  Zealot  
  30  5:23  Zealot x2  
  8  5:58  Probe  
  8  6:03  Adept x2  
  8  6:04  Adept x2  
  17  6:10  Probe  
Tags
 
Add a new tag
Caveats
  • Supply blocks, unpowered buildings, or Contaminate may cause inaccurate times.
  • Supply counts are checked every 10 seconds.